 Dungeon Crawl Stone Soup version 0.21-a0-442-g848f44b (webtiles) character file.

172 nikopol the Magician (level 5, -3/28 HPs)
             Began as a Deep Elf Fire Elementalist on Nov 15, 2017.
             Killed from afar by an orc wizard (6 damage)
             ... with a magic dart
             ... on level 3 of the Dungeon.
             The game lasted 00:10:16 (2995 turns).

nikopol the Magician (Deep Elf Fire Elementalist)   Turns: 2995, Time: 00:10:16

Health: -3/28      AC:  2    Str:  5    XL:     5   Next: 27%
Magic:  1/14       EV: 13    Int: 21    God:
Gold:   184        SH:  0    Dex: 15    Spells: 8/14 levels left

rFire    . . .     SeeInvis .   m - +1 dagger (venom)
rCold    . . .     Gourm    .   (no shield)
rNeg     . . .     Faith    .   a - +0 robe
rPois    .         Spirit   .   (no helmet)
rElec    .         Reflect  .   (no cloak)
rCorr    .         Harm     .   (no gloves)
MR       .....                  (no boots)
Stlth    ++........             (no amulet)
HPRegen  0.09/turn              (no ring)
MPRegen  0.14/turn              (no ring)

@: slowed, very slow
A: no striking features
a: no special abilities


You were on level 3 of the Dungeon.
You were not hungry.

You visited 1 branch of the dungeon, and saw 3 of its levels.

You collected 184 gold pieces.

Inventory:

Hand Weapons
 e - a +0 dagger
 m - a +1 dagger of venom (weapon)
Armour
 a - a +0 robe (worn)
Scrolls
 d - 2 scrolls of identify {unknown}
 h - a scroll of fog {unknown}
 i - 2 scrolls of teleportation {unknown}
 k - a scroll of amnesia {unknown}
 l - a scroll of immolation {unknown}
 n - a scroll of enchant armour {unknown}
Potions
 g - a potion of degeneration {unknown}
Books
 b - a book of Flames

   Spells                             Type                      Level
   a - Flame Tongue                   Conjuration/Fire             1
   b - Throw Flame                    Conjuration/Fire             2
   c - Conjure Flame                  Conjuration/Fire             3
   d - Inner Flame                    Hexes/Fire                   3
   e - Sticky Flame                   Conjuration/Fire             4
   f - Fireball                       Conjuration/Fire             5
Comestibles
 c - 2 bread rations
 f - a royal jelly
 j - a fruit
 o - a chunk of flesh


   Skills:
 + Level 0.1 Fighting
 + Level 3.0 Dodging
 + Level 3.0 Stealth
 + Level 5.1 Spellcasting
 + Level 2.4 Conjurations
 + Level 4.4 Fire Magic


You had 8 spell levels left.
You knew the following spells:

 Your Spells              Type           Power        Failure   Level  Hunger
a - Flame Tongue          Conj/Fire      ###..        2%          1    None
b - Throw Flame           Conj/Fire      ###...       3%          2    None
c - Conjure Flame         Conj/Fire      ###.....     8%          3    ##.....


Dungeon Overview and Level Annotations

Branches:
Dungeon (3/15)

Altars:


Message History

Aiming: Flame Tongue
Press: ? - help, Shift-Dir - straight line, f/p - orc wizard
Aim: an orc wizard, wielding a short sword and wearing a leather armour (fast)
The flame tongue hits the orc wizard.
The orc wizard is moderately wounded.
The orc wizard gestures at you while chanting.
The magic dart hits you!
Casting: Flame Tongue
Confirm with . or Enter, or press ? or * to list all spells.
You don't have enough magic to cast that spell.
The orc wizard casts a spell.
The orc wizard blinks!
The orc wizard casts a spell at you. The magic dart hits you!
* * * LOW HITPOINT WARNING * * *
The orc wizard casts a spell.
The orc wizard blinks!
The orc wizard points at you and mumbles some strange words.
The magic dart hits you!
You die...

....###.[...# #.###
.....#..##.## #.#######.#
........# ..# #.......#.#
......#.# #... #......#
.....##.# ##......##.###
.....##.. # .# #..#
.....#####.##> ##.###
...............#######...# #
.....#####.
#.§@.o§§..#.###....
.....######...########..(....#
.).).....### ###.##..#
......##... #.# .# ...##.####
#.. # #####...<## #...
####..## #.... ##..### #....#
##...# ......


You could see an orc wizard.

Vanquished Creatures
  3 gnolls (D:3)
  5 adders
  3 worms
  5 dart slugs
  2 leopard geckos (D:1)
  7 orcs (D:3)
  A ball python (D:3)
  6 bats
  4 giant cockroaches
  9 hobgoblins
  7 jackals
  6 kobolds
  2 quokkas
  4 frilled lizards
  5 goblins
  3 rats
72 creatures vanquished.

Notes
Turn   | Place    | Note
-------+----------+-------------------------------------------
     0 | D:1      | nikopol the Deep Elf Fire Elementalist began the quest for the Orb.
     0 | D:1      | Reached XP level 1. HP: 10/10 MP: 6/6
    81 | D:1      | Reached XP level 2. HP: 15/15 MP: 1/8
   899 | D:2      | Learned a level 2 spell: Throw Flame
  1013 | D:2      | Reached XP level 3. HP: 19/19 MP: 8/10
  1018 | D:2      | Learned a level 3 spell: Conjure Flame
  1182 | D:2      | Found a faded altar of an unknown god.
  1230 | D:2      | Reached skill level 4 in Spellcasting
  1467 | D:2      | Reached XP level 4. HP: 18/24 MP: 1/12
  2454 | D:3      | Reached skill level 5 in Spellcasting
  2561 | D:3      | Reached XP level 5. HP: 16/28 MP: 4/14
  2995 | D:3      | Killed from afar by an orc wizard

Vault maps used:
D:1:      saegor_arrival_simple_c
D:2:      first_bread, chequers_ecumenical_altar_simple_redux

Skill      XL: |  1  2  3  4  5 |
---------------+----------------+-----
Spellcasting   | 4 5 |  5.1
Fire Magic     | 4 |  4.4
Dodging        | 3 |  3.0
Conjurations   | 2 |  2.4
Stealth        | 3 |  3.0
Fighting       | |  0.1

Action                   |  1- 3 |  4- 6 || total
-------------------------+-------+-------++-------
Melee: Dagger            |    18 |       ||    18
 Cast: Flame Tongue      |    93 |    80 ||   173
       Throw Flame       |       |     1 ||     1
       Conjure Flame     |       |     2 ||     2
  Eat: Chunk             |     2 |     4 ||     6
Armor: Robe              |    30 |     2 ||    32
Dodge: Dodged            |    93 |    22 ||   115

Table legend:
 A = Spawn XP
 B = Non-spawn XP
 C = Spawn XP percentage of total XP
 D = Spawn monster count
 E = Non-spawn monster count
 F = Spawn count percentage of total count
 G = Total turns spent on level
                    A         B        C        D         E        F      G
               +---------+---------+-------+---------+---------+-------+---------
         Total |       0 |     246 |   0.0 |       0 |      72 |   0.0 |  2995
               +---------+---------+-------+---------+---------+-------+---------
           D:1 |       0 |      38 |   0.0 |       0 |      21 |   0.0 |   895
           D:2 |       0 |      87 |   0.0 |       0 |      28 |   0.0 |  1198
           D:3 |       0 |     121 |   0.0 |       0 |      23 |   0.0 |   902
               +---------+---------+-------+---------+---------+-------+---------
